 Dungeon Sprint DCSS version 0.28-a0-984-g3775c662fe (webtiles) character file.

Game seed: 285874916064480806

0 horus123 the Poker (level 1, -7/17 HPs)
             Began as a Demonspawn Gladiator on Dec 4, 2021.
             Was an Initiate of Makhleb.
             Mangled by an orc warrior (19 damage)
             ... in the Dungeon (Sprint VI: "Thunderdome").
             The game lasted 00:00:49 (83 turns).

horus123 the Poker (Demonspawn Gladiator)             Turns: 83, Time: 00:00:49

Health: -7/17      AC:  4    Str: 14    XL:     1   Next: 25%
Magic:  1/1        EV: 12    Int:  9    God:    Makhleb [......]
Gold:   200        SH:  0    Dex: 14    Spells: 0/0 levels left

rFire   . . .      SeeInvis .   a - +0 trident
rCold   . . .      Faith    .   (no shield)
rNeg    . . .      Spirit   .   b - +0 leather armour
rPois   .          Reflect  .   c - +0 helmet
rElec   .          Harm     .   (no cloak)
rCorr   .          Rampage  .   (no gloves)
Will    .....      NoTele   +   (no boots)
Stlth   +.........              (no amulet)
HPRegen 0.05/turn               (no ring)
MPRegen 0.07/turn               (no ring)

@: no status effects
A: no striking features
a: Renounce Religion


You were in the Dungeon.
You worshipped Makhleb.
Makhleb was noncommittal.
You visited 1 branch You collected 200 gold pieces.

Inventory:

Hand Weapons
 a - a +0 trident (weapon)
Missiles
 d - 3 throwing nets (quivered)
Armour
 b - a +0 leather armour (worn)
 c - a +0 helmet (worn)
Wands
 k - a wand of acid (5)
 l - a wand of iceblast (5)
Scrolls
 j - 4 scrolls of blinking
 m - 3 scrolls of fog
Potions
 e - a potion of curing
 f - 4 potions of heal wounds
 g - 4 potions of haste
 h - 2 potions of magic
 i - a potion of berserk rage
 n - a potion of resistance


   Skills:
 - Level 2.6 Fighting
 - Level 2.9 Polearms
 - Level 1.8 Throwing
 - Level 2.9 Dodging


You couldn't memorise any spells.
You didn't know any spells.
Your spell library was empty.

Dungeon Overview and Level Annotations

Branches:
Dungeon (1/1)

Altars:
Dithmenos
Fedhas
Kikubaaqudgha
Makhleb
Qazlal
Ru
Sif Muna
Trog
Yredelemnul
Zin
The Shining One
Jiyva

Shops:
D *[???:(


Message History

n - a potion of resistance You now have 200 gold pieces.
Found two altars.
Found a stormy altar of Qazlal and a shadowy altar of Dithmenos.
Get ready!
Found a shimmering blue altar of Sif Muna and a glowing silver altar of Zin.
Found Iqohaygg's Staff Store and Ybiggial's Magic Scroll Shop.
Found a basalt altar of Yredelemnul.
ROUND 1!
FIGHT!
Found Rijoyn's Must-Have Magic and Joesur's Magic Scroll Shop.
Found a viscous altar of Jiyva.
Found a burning altar of Makhleb.
Found a blossoming altar of Fedhas.
An orc comes into view. It is wielding a +0 short sword.
The orc moves out of view.
Found Jixtularph's Identification Station.
Found a sacrificial altar of Ru and a bloodstained altar of Trog.
Found Xiebb's Jewellery and Veitu's Advanced Armour.
The orc closely misses you.
You barely miss the orc. The orc closely misses you.
The orc hits you with a +0 short sword.
You hit the orc but do no damage. The orc hits you with a +0 short sword.
You hit the orc.
The orc is moderately wounded.
The orc hits you with a +0 short sword.
You hit the orc.
You kill the orc!
Things that are here:
a +0 short sword; an orc corpse You start resting.
An orc warrior comes into view. It is wielding a +0 flail.
The orc warrior shouts!
There is a viscous altar of Jiyva here.
There is a burning altar of Makhleb here.
You kneel at the altar of Makhleb.
Makhleb welcomes you!
There is an entrance to Xiebb's Jewellery here.
The orc warrior hits you with a +0 flail!!
Ouch! That really hurt!
You die...

#_......._ #_......._
#........_
###.........
#⌠..........
######.8.........
##.___......###...
###∩o.......8.# #.8.
#..@..........###...
#⌠........).###...###
#⌠..........# #.<.#
#⌠..........# #...#
##.............###..
###∩........8. .8.
##∩.__......# ...
######.8.... ...
#⌠...... ...


You could see an orc warrior.

Vanquished Creatures
  An orc (D)
1 creature vanquished.

Notes
Turn   | Place    | Note
-------+----------+-------------------------------------------
     0 | D        | horus123 the Demonspawn Gladiator began the quest for the
                  | Orb.
     0 | D        | Reached XP level 1. HP: 16/16 MP: 1/1
     2 | D        | Found an ancient bone altar of Kikubaaqudgha.
     3 | D        | Found a stormy altar of Qazlal.
     3 | D        | Found a shadowy altar of Dithmenos.
     4 | D        | Found a shimmering blue altar of Sif Muna.
     5 | D        | Found a basalt altar of Yredelemnul.
     5 | D        | Found Iqohaygg's Staff Store.
     5 | D        | Found Ybiggial's Magic Scroll Shop.
     5 | D        | Round 1.
     6 | D        | Found Rijoyn's Must-Have Magic.
     6 | D        | Found Joesur's Magic Scroll Shop.
     9 | D        | Found a viscous altar of Jiyva.
    11 | D        | Found a burning altar of Makhleb.
    14 | D        | Found a blossoming altar of Fedhas.
    20 | D        | Found a sacrificial altar of Ru.
    20 | D        | Found a bloodstained altar of Trog.
    20 | D        | Found Jixtularph's Identification Station.
    21 | D        | Found Xiebb's Jewellery.
    21 | D        | Found Veitu's Advanced Armour.
    73 | D        | Noticed an orc warrior
    79 | D        | Became a worshipper of Makhleb the Destroyer
    83 | D        | Mangled by an orc warrior

Illustrated notes

Levels and vault maps discovered:
D:        arena_sprint

Action                   || total
-------------------------++-------
Melee: Trident           ||     4
Dodge: Dodged            ||     2

Table legend: (Time is in decaauts)
 A = Elapsed time spent in this place.
 B = Non-inter-level travel time spent in this place.
 C = Inter-level travel time spent in this place.
 D = Time resting spent in this place.
 E = Time spent auto-exploring this place.
 F = Levels seen in this place.
 G = Mean time per level.
                   A        B        C        D        E       F      G
               +--------+--------+--------+--------+--------+-----+--------+
         Total |     83 |     83 |      0 |     44 |      0 |   1 |   83.0 |
       Dungeon |     83 |     83 |      0 |     44 |      0 |   1 |   83.0 |
               +--------+--------+--------+--------+--------+-----+--------+

Top non-repeatable levels by time:
       D: 83 daAuts
